 Dungeon Crawl Stone Soup version 0.29-a0-613-gf2c431b9b9 (webtiles) character file.

Game seed: 14722398736741152696

641 HoaS the Basher (level 7, -1/46 (52) HPs)
             Began as a Formicid Fighter on June 16, 2022.
             Succumbed to a kobold brigand's poison
             ... on level 6 of the Dungeon.
             The game lasted 00:14:29 (5372 turns).

HoaS the Basher (Formicid Fighter)                  Turns: 5372, Time: 00:14:30

HP:   -1/46 (52)    AC:  8    Str: 21    XL:     7   Next: 81%
MP:   7/7           EV:  9    Int:  7    God:
Gold: 301           SH:  0    Dex: 21    Spells: 6/6 levels left

rFire   . . .      SeeInvis +   n - +1 giant club
rCold   . . .      Faith    .   (shield currently unavailable)
rNeg    . . .      Spirit   .   b - +0 scale mail
rPois   .          Reflect  .   (helmet unavailable)
rElec   .          Harm     .   m - scarf {shadows}
rCorr   .          Rampage  .   (no gloves)
Will    .....                   f - +0 pair of boots
Stlth   ..........              (no amulet)
HPRegen 0.15/turn               h - +6 ring of dexterity
MPRegen 0.10/turn               o - ring of flight

@: lethally poisoned (-1 -> -39), flying, heavily drained
A: permanent stasis, dig shafts and tunnels, antennae 3, four strong arms
a: Dig, Shaft Self


You were on level 6 of the Dungeon.
You visited 1 branch of the dungeon, and saw 6 of its levels.

You collected 301 gold pieces.

Inventory:

Hand Weapons
 a - a +0 flail
 n - a +1 giant club (weapon)
Armour
 b - a +0 scale mail (worn)
 c - a +0 buckler
 f - a +0 pair of boots (worn)
 m - a scarf of shadows (worn)
Jewellery
 h - a +6 ring of dexterity (left hand)
 o - a ring of flight (right hand)
Wands
 j - a wand of mindburst (5)
Scrolls
 d - 3 scrolls of summoning
 g - 2 scrolls of identify
 l - a scroll of immolation
Potions
 e - 2 potions of mutation
 i - 2 potions of curing
 k - a potion of resistance


   Skills:
 - Level 3.2 Fighting
 + Level 8.2 Maces & Flails
 - Level 3.2 Armour
 - Level 4.0 Shields


You had 6 spell levels left.
You didn't know any spells.
Your spell library contained the following spells:

 Spells                   Type           Power      Damage    Failure   Level
 Shock                    Conj/Air       0%         1d3       77%         1
 Airstrike                Air            0%         N/A       100%        4
 Fireball                 Conj/Fire      0%         3d3       100%        5
 Iskenderun's Battlesphe  Conj           0%         2d6       100%        5
 Conjure Ball Lightning   Conj/Air       0%         3x3d6     100%        6
 Orb of Destruction       Conj           0%         9d5       100%        7
 Swiftness                Air            Unusable   N/A       N/A         3

Dungeon Overview and Level Annotations

Branches:
Dungeon (6/15)
 Temple: D:4-7

Altars:
Dithmenos
Gozag
Hepliaklqana
The Shining One

Shops:
D:1 (   D:2 (   D:3 (

Annotations:
D:4 2 runed translucent doors, Zgarb's ghost, amateur GrEE
D:6 exclusion: upstairs, Dowan; Duvessa


Innate Abilities, Weirdness & Mutations

You cannot be hasted, slowed, berserked, paralysed or teleported.
You can dig through walls and to a lower floor.
You have a pair of large antennae on your head. (SInv)
Your four strong arms can wield two-handed weapons with a shield.


Message History

The kobold attacks as you move away! The kobold barely misses you.
You retract your mandibles.
You barely miss the kobold. The kobold barely misses you.
The kobold closely misses you.
You thump the kobold!
You kill the kobold!
You barely miss the kobold.
The kobold hits you with a +0 short sword.
You bludgeon the kobold!!
You kill the kobold!
No target in view!
No target in view!
No target in view!
The kobold brigand hits you with a +1 short sword of venom.
You are poisoned.
You miss the kobold brigand.
You feel very sick.
The kobold brigand hits you with a +1 short sword of venom.
You are more poisoned.
You bludgeon the kobold brigand!!
The kobold brigand is almost dead.
You feel very sick.
The kobold brigand hits you with a +1 short sword of venom!
You are more poisoned.
The kobold brigand closely misses you.
You are too injured to fight recklessly!
You are too injured to fight recklessly!
You are too injured to fight recklessly!
You are too injured to fight recklessly!
You are too injured to fight recklessly!
You barely miss the kobold brigand.
The kobold brigand is almost dead.
* * * LOW HITPOINT WARNING * * *
You feel extremely sick.
The kobold brigand hits you with a +1 short sword of venom.
* * * LOW HITPOINT WARNING * * *
You are more poisoned.
You miss the kobold brigand.
The kobold brigand is almost dead.
You die...

#...... ..
#.....# ..
#.....##..{
#....K..>
#....K.. ##..
#..K..# { #...
#<{..)# ...
####.K...+ ##..
#@#{{....# .##..
##K#####'# ...#..
###.....##....#..
#..........##..
#.....#######..
#.....## ##..
#......#{ #...
#......# #...
#....###.# ##..


You could see a kobold brigand.

Vanquished Creatures
  A water moccasin (D:4)
  An ogre (D:4)
  2 scorpions
  A hound (D:4)
  A jelly (D:4)
  2 iguanas (D:4)
  Terence (D:2)
  Robin (D:2)
  6 adders
  A white imp (D:5)
  An ufetubus (D:4)
  A worm (D:2)
  2 dart slugs
  An orc (D:3)
  8 endoplasms
  4 giant cockroaches
  20 goblins
  15 hobgoblins
  10 jackals
  3 quokkas
  6 ball pythons
  6 bats
  3 frilled lizards
  7 kobolds
  13 rats
117 creatures vanquished.

Notes
Turn   | Place    | Note
-------+----------+-------------------------------------------
     0 | D:1      | HoaS the Formicid Fighter began the quest for the Orb.
     0 | D:1      | Reached XP level 1. HP: 18/18 MP: 1/1
   101 | D:1      | Reached XP level 2. HP: 24/24 MP: 2/2
   271 | D:1      | Reached skill level 3 in Maces & Flails
   288 | D:1      | Reached XP level 3. HP: 26/26 MP: 3/3
   355 | D:1      | Found Ebbim's Antique Weapon Shop.
   743 | D:1      | Found a faded altar of an unknown god.
   970 | D:2      | Reached skill level 4 in Maces & Flails
   970 | D:2      | Reached XP level 4. HP: 30/34 MP: 4/4
  1111 | D:2      | Noticed Robin
  1150 | D:2      | Killed Robin
  1354 | D:2      | Found Juot's Antique Weapon Boutique.
  1439 | D:2      | Identified the +5 dagger "Tivuuh" {freeze, +Blink rN+}
  1545 | D:2      | Noticed Terence
  1567 | D:2      | Killed Terence
  1568 | D:2      | Reached skill level 5 in Maces & Flails
  1568 | D:2      | Reached XP level 5. HP: 26/41 MP: 5/5
  1859 | D:3      | Found Pojy's Antique Weapon Emporium.
  1926 | D:3      | Noticed an ogre
  2339 | D:3      | Found an opulent altar of Gozag.
  2509 | D:3      | Found a shadowy altar of Dithmenos.
  2514 | D:3      | Found a glowing golden altar of the Shining One.
  2586 | D:4      | Reached XP level 6. HP: 5/38 MP: 6/6
  2595 | D:4      | HP: 2/57 [ufetubus (3)]
  2885 | D:4      | Noticed a water moccasin
  2959 | D:4      | Killed a water moccasin
  2960 | D:4      | Reached skill level 6 in Maces & Flails
  3493 | D:4      | Reached XP level 7. HP: 52/52 MP: 7/7
  3615 | D:4      | Reached skill level 7 in Maces & Flails
  3683 | D:4      | Found a large runed translucent door.
  3683 | D:4      | Found a large runed translucent door.
  3726 | D:4      | Noticed Zgarb's ghost (amateur GrEE)
  4304 | D:5      | Entered Level 5 of the Dungeon
  4326 | D:5      | Found a faded altar of an unknown god.
  4444 | D:5      | Found a hazy altar of Hepliaklqana.
  4444 | D:5      | Found a faded altar of an unknown god.
  4889 | D:6      | Noticed Duvessa
  4889 | D:6      | Noticed Dowan
  4951 | D:6      | Reached skill level 8 in Maces & Flails
  5372 | D:6      | Succumbed to a kobold brigand's poison

Illustrated notes

Levels and vault maps discovered:
D:1:      scummos_arrival_forest, layout_loops_ring, serial_shops, shop,
          dreamdust_ecumenical_altar_hidden_monk_grotto
D:2:      layout_rooms, serial_shops, shop, uniq_terence, uniq_robin
D:3:      layout_rooms, mainiacjoe_overflow_alcove_2,
          gammafunk_temple_overflow_pools, serial_shops, nicolae_shop_stone,
          minmay_misc_feat_encased, grunt_ministairs_14, minmay_ogre_servants
D:4:      layout_layer_cave, ebering_ghost_disaster_area
D:5:      layout_basic, nicolae_hepliaklqana_ecumenical_no_more
D:6:      layout_gridville, uniq_duvessa, uniq_pikel

Skill      XL: |  1  2  3  4  5  6  7 |
---------------+----------------------+-----
Maces & Flails | 3 4 5 6 8 |  8.2
Fighting       | |  3.2
Armour         | |  3.2
Shields        | |  4.0

Action                   |  1- 3 |  4- 6 |  7- 9 || total
-------------------------+-------+-------+-------++-------
Melee: Flail             |   102 |   202 |    21 ||   325
       Unarmed           |       |    17 |       ||    17
       Giant club        |       |       |    28 ||    28
 Abil: Dig               |     2 |     1 |     5 ||     8
Evoke: Wand              |       |       |     1 ||     1
  Use: Scroll            |     1 |     8 |     5 ||    14
       Potion            |       |     4 |       ||     4
Armor: Scale mail        |    46 |    97 |    13 ||   156
       Skin              |       |    16 |       ||    16
Dodge: Dodged            |    45 |    89 |    24 ||   158
Block: Buckler           |    23 |    52 |     4 ||    79

Table legend: (Time is in decaauts)
 A = Elapsed time spent in this place.
 B = Non-inter-level travel time spent in this place.
 C = Inter-level travel time spent in this place.
 D = Time resting spent in this place.
 E = Time spent auto-exploring this place.
 F = Levels seen in this place.
 G = Mean time per level.
                   A        B        C        D        E       F      G
               +--------+--------+--------+--------+--------+-----+--------+
         Total |   5447 |   5232 |    215 |   1657 |   2524 |   6 |  907.8 |
       Dungeon |   5447 |   5232 |    215 |   1657 |   2524 |   6 |  907.8 |
               +--------+--------+--------+--------+--------+-----+--------+

Top non-repeatable levels by time:
     D:4: 1451 daAuts
     D:2: 985 daAuts
     D:3: 972 daAuts
     D:1: 964 daAuts
     D:5: 902 daAuts
     D:6: 171 daAuts
